 Dungeon Crawl Stone Soup version 0.21-a0-426-g98080a9 (webtiles) character file.

1883 kae the Insei (level 8, -4/69 HPs)
             Began as a Yellow Draconian Transmuter on Nov 7, 2017.
             Was a Follower of Wu Jian.
             Slain by Grinder (6 damage)
             ... while paralysed by Grinder
             ... on level 6 of the Dungeon.
             The game lasted 00:08:50 (6625 turns).

kae the Insei (Yellow Draconian Transmuter)         Turns: 6625, Time: 00:08:51

Health: -4/69      AC:  2    Str: 13    XL:     8   Next: 92%
Magic:  32/33      EV:  5    Int: 13    God:    Wu Jian [*.....]
Gold:   281        SH:  0    Dex: 19    Spells: 11/17 levels left

rFire    . . .     SeeInvis .     - Unarmed
rCold    . . .     Gourm    .   (shield currently unavailable)
rNeg     . . .     Faith    .   (armour unavailable)
rPois    x         Spirit   .   (helmet currently unavailable)
rElec    .         Reflect  .   (cloak currently unavailable)
rCorr    .         Harm     .   (gloves currently unavailable)
MR       .....                  (boots currently unavailable)
Stlth    ++........             (no amulet)
HPRegen  0.21/turn              j - ring of magical power
MPRegen  0.23/turn              r - ring of magical power

@: paralysed, spider-form
A: (spit acid), (acid resistance), unfitting armour, AC +6
a: End Transformation, Renounce Religion


You were on level 6 of the Dungeon.
You worshipped Wu Jian.
Wu Jian was aware of your devotion.
You were hungry.
You were a venomous arachnid creature.
You visited 2 branches of the dungeon, and saw 7 of its levels.

You collected 281 gold pieces.

Inventory:

Missiles
 a - 78 arrows
Armour
 o - a +0 cloak (melded)
Jewellery
 j - a ring of magical power (left front leg)
 r - a ring of magical power (right front leg)
 y - an uncursed ring of positive energy
Wands
 m - a wand of clouds (2/9)
 q - a wand of flame (38/48)
 w - a wand of iceblast (3/15)
 z - a wand of confusion (22/48)
Scrolls
 e - a scroll of teleportation
 h - 2 scrolls of identify
 l - a scroll of amnesia
 s - 2 scrolls of remove curse
Potions
 i - 2 potions of curing
 k - 2 potions of degeneration
 n - 3 potions of heal wounds
 p - 2 potions of agility
 v - a potion of invisibility
Books
 b - a book of Changes

   Spells                             Type                      Level
   a - Beastly Appendage              Transmutation                1
   b - Sticks to Snakes               Transmutation                2
   c - Spider Form                    Transmutation/Poison         3
   d - Ice Form                       Ice/Transmutation            4
   e - Blade Hands                    Transmutation                5
 t - a book of Misfortune

   Spells                             Type                      Level
   a - Confusing Touch                Hexes                        1
   b - Confuse                        Hexes                        3
   c - Gell's Gravitas                Translocation                3
   d - Petrify                        Transmutation/Earth          4
   e - Metabolic Englaciation         Hexes/Ice                    5
   f - Yara's Violent Unravelling     Hexes/Transmutation          5
Comestibles
 c - 8 bread rations
 d - 5 royal jellies
 f - 4 fruits
 g - 3 meat rations


   Skills:
 + Level 5.6 Fighting
 - Level 1.8 Dodging
 * Level 7.9 Unarmed Combat
 + Level 5.1 Spellcasting
 + Level 5.4 Transmutations


You had 11 spell levels left.
You knew the following spells:

 Your Spells              Type           Power        Failure   Level  Hunger
a - Beastly Appendage     Tmut           ###...       8%          1    None
b - Sticks to Snakes      Tmut           ###.....     11%         2    ##.....
c - Spider Form           Tmut/Pois      ##........   38%         3    ###....


Dungeon Overview and Level Annotations

Branches:
Dungeon (6/15)             Temple (1/1) D:4

Altars:
Ashenzari
Dithmenos
Elyvilon
Fedhas
Gozag
Hepliaklqana
Kikubaaqudgha
Makhleb
Nemelex Xobeh
Okawaru
Qazlal
Ru
Sif Muna
Trog
Uskayaw
Wu Jian
Xom
Yredelemnul
The Shining One

Annotations:
D:6 Grinder


Innate Abilities, Weirdness & Mutations

((You can spit globs of acid.))
((You are resistant to acid.))
((Your golden yellow scales are hard. (AC +6)))
You cannot fit into any form of body armour.
((You are cold-blooded and may be slowed by cold attacks.))


Message History

You bite Grinder!
Grinder is heavily wounded.
Grinder misses you.
You bite Grinder!
Grinder is almost dead.
Grinder grins, showing sharp teeth.
Grinder gestures at you.
You suddenly lose the ability to move!
Grinder hits you.
You writhe in agony.
Grinder hits you.
* * * LOW HITPOINT WARNING * * *
Grinder barely misses you. Grinder hits you!
* * * LOW HITPOINT WARNING * * *
You writhe in agony.
* * * LOW HITPOINT WARNING * * *
Grinder hits you.
* * * LOW HITPOINT WARNING * * *
You writhe in agony.
You die...

#.....# #.....#
#....# #.....#
#....#
#.....######..).#
#...............
#####...........?..
....#......... ...
###.....########+#
..+..........).5s#
###......#########
#......#
#.............
#.......5.....
#............o
#.............
###.##........ #+
#.:..e...


You could see Grinder.

Vanquished Creatures
  The ghost of Autsider the Digger, an amateur GrEE (D:4)
  Sigmund (D:2)
  Eustachio (D:6)
  3 ice beasts
  2 phantoms
  The ghost of nikopol the Firebug, an amateur DEFE (D:3)
  3 scorpions
  Dowan (D:6)
  A crimson imp (D:5)
  A bullfrog zombie (D:6)
  2 centaur skeletons (D:4)
  2 orc priests (D:5)
  2 orc wizards
  3 hounds
  A bullfrog skeleton (D:6)
  Crazy Yiuf (D:2)
  2 iguanas (D:5)
  Natasha (D:2)
  A worker ant (D:5)
  Terence (D:1)
  7 adders
  A river rat (D:3)
  3 shadow imps (D:5)
  2 oozes
  An adder skeleton (D:5)
  5 worms
  2 dart slugs
  5 leopard geckos
  9 orcs
  4 giant cockroaches
  11 goblins
  5 hobgoblins
  13 jackals
  2 kobolds
  8 quokkas
  3 ball pythons
  6 bats
  5 frilled lizards
  A jackal skeleton (D:5)
  6 rats
130 creatures vanquished.

Notes
Turn   | Place    | Note
-------+----------+-------------------------------------------
     0 | D:1      | kae the Draconian Transmuter began the quest for the Orb.
     0 | D:1      | Reached XP level 1. HP: 16/16 MP: 3/3
   370 | D:1      | Reached XP level 2. HP: 23/23 MP: 5/5
   641 | D:1      | Reached XP level 3. HP: 28/29 MP: 6/6
  1312 | D:2      | Learned a level 2 spell: Sticks to Snakes
  1316 | D:2      | Learned a level 3 spell: Spider Form
  1485 | D:2      | Found a runed door.
  1611 | D:2      | Noticed Terence
  1613 | D:2      | Noticed Natasha
  1634 | D:1      | Killed Terence
  1634 | D:1      | Reached XP level 4. HP: 36/36 MP: 3/7
  1864 | D:2      | Killed Natasha
  1864 | D:2      | Reached skill level 4 in Unarmed Combat
  1965 | D:2      | Noticed Sigmund
  1985 | D:2      | Killed Sigmund
  1985 | D:2      | Reached XP level 5. HP: 16/44 MP: 6/9
  2311 | D:2      | Reached XP level 6. HP: 43/50 MP: 10/10
  2711 | D:2      | Noticed Crazy Yiuf
  2717 | D:2      | Killed Crazy Yiuf
  2937 | D:3      | Reached skill level 5 in Unarmed Combat
  2959 | D:3      | Found a sacrificial altar of Ru.
  3052 | D:3      | Noticed nikopol's ghost (amateur DEFE)
  3085 | D:3      | Found a hide-covered altar of Uskayaw.
  3101 | D:3      | Killed nikopol's ghost
  3271 | D:3      | Found a blossoming altar of Fedhas.
  3873 | D:4      | Found an iron altar of Okawaru.
  4099 | D:4      | Your scales start taking on a golden yellow colour.
  4099 | D:4      | Reached XP level 7. HP: 31/58 MP: 12/12
  4174 | D:4      | Noticed Autsider's ghost (amateur GrEE)
  4186 | D:4      | Killed Autsider's ghost
  4186 | D:4      | Reached skill level 6 in Unarmed Combat
  4312 | D:4      | Found a staircase to the Ecumenical Temple.
  4410 | Temple   | Entered the Ecumenical Temple
  4549 | Temple   | Became a worshipper of the Wu Jian Council
  4804 | D:5      | Entered Level 5 of the Dungeon
  5007 | D:5      | Reached XP level 8. HP: 46/67 MP: 14/14
  5379 | D:5      | Reached skill level 7 in Unarmed Combat
  5651 | D:5      | Reached * piety under Wu Jian
  5912 | D:5      | Reached skill level 5 in Fighting
  6025 | D:6      | Noticed Eustachio
  6099 | D:5      | Reached skill level 5 in Transmutations
  6357 | D:6      | Killed Eustachio
  6429 | D:6      | Reached skill level 5 in Spellcasting
  6574 | D:6      | Noticed Grinder
  6578 | D:6      | Noticed Dowan
  6602 | D:6      | Killed Dowan
  6620 | D:6      | Paralysed by Grinder for 7 turns
  6625 | D:6      | HP: 2/69 [Grinder (5)]
  6625 | D:6      | Slain by Grinder

Vault maps used:
D:1:      lightli_molten_gateway
D:2:      uniq_natasha, uniq_sigmund, uniq_crazy_yiuf_cottage, uniq_terence
D:3:      nicolae_ru_path_of_blood, nicolae_overflow_hidden_temple,
          gup_sewer_entry_spiral, first_bread, fedhas_altar_4
D:4:      okawaru_gym_becter, minmay_temple_entry_statues
D:6:      grunt_decor_cap, uniq_grinder, uniq_duvessa, uniq_eustachio
Temple:   nicolae_temple_elliptical

Skill      XL: |  1  2  3  4  5  6  7  8 |
---------------+-------------------------+-----
Fighting       | 2 3 4 5 |  5.6
Unarmed Combat | 4 5 6 7 |  7.9
Spellcasting   | 3 4 5 |  5.1
Transmutations | 3 4 5 |  5.4
Dodging        | |  1.8

Action                   |  1- 3 |  4- 6 |  7- 9 || total
-------------------------+-------+-------+-------++-------
Melee: Unarmed           |   212 |   181 |   226 ||   619
       Tailslap          |    15 |    13 |    25 ||    53
       Kick              |     4 |     6 |     2 ||    12
       Headbutt          |     3 |     3 |     3 ||     9
       Punch             |       |     1 |     1 ||     2
 Cast: Beastly Appendage |    10 |     8 |     3 ||    21
       Spider Form       |     1 |     5 |     9 ||    15
       Sticks to Snakes  |       |     1 |       ||     1
 Abil: Breathe Acid      |       |       |    10 ||    10
Evoke: Wand              |       |       |     1 ||     1
  Use: Potion            |     1 |     3 |       ||     4
       Scroll            |       |     7 |     4 ||    11
 Stab: Sleeping          |       |     1 |     1 ||     2
  Eat: Chunk             |     3 |     9 |     9 ||    21
       Fruit             |       |       |     1 ||     1
Armor: Skin              |    81 |    51 |    33 ||   165
Dodge: Dodged            |   159 |   101 |   140 ||   400

Table legend:
 A = Spawn XP
 B = Non-spawn XP
 C = Spawn XP percentage of total XP
 D = Spawn monster count
 E = Non-spawn monster count
 F = Spawn count percentage of total count
 G = Total turns spent on level
                    A         B        C        D         E        F      G
               +---------+---------+-------+---------+---------+-------+---------
         Total |       0 |    2691 |   0.0 |       0 |     130 |   0.0 |  6625
               +---------+---------+-------+---------+---------+-------+---------
           D:1 |       0 |      84 |   0.0 |       0 |      26 |   0.0 |  1080
           D:2 |       0 |     363 |   0.0 |       0 |      30 |   0.0 |  1738
           D:3 |       0 |     159 |   0.0 |       0 |      22 |   0.0 |  1044
           D:4 |       0 |     699 |   0.0 |       0 |      16 |   0.0 |   953
           D:5 |       0 |     856 |   0.0 |       0 |      28 |   0.0 |  1248
           D:6 |       0 |     530 |   0.0 |       0 |       8 |   0.0 |   412
               +---------+---------+-------+---------+---------+-------+---------
